 Dungeon Crawl Stone Soup version 0.18.1-50-g88ac8fd (console) character file.

595 Kloppie the Cudgeler (level 7, -5/45 HPs)
             Began as a Gargoyle Berserker on Oct 30, 2016.
             Was a Priest of Trog.
             Killed by divine providence
             ... invoked by an orc priest
              (15 damage)
             ... on level 3 of the Dungeon.
             The game lasted 00:05:06 (3107 turns).

Kloppie the Cudgeler (Gargoyle Berserker)           Turns: 3107, Time: 00:05:07

Health: -5/45      AC: 17    Str: 21    XL:     7   Next: 40%
Magic:  7/7        EV:  8    Int:  7    God:    Trog [***...]
Gold:   232        SH:  0    Dex: 11    Spells: 0 memorised, 6 levels left

rFire  . . .     SeeInvis .     a - +0 mace (curse)
rCold  . . .     Gourm    .     C - +0 chain mail
rNeg   + . .     Faith    .     (no shield)
rPois  ∞         Spirit   .     u - +0 helmet
rElec  +         Dismiss  .     s - +1 cloak
rCorr  .         Reflect  .     (no gloves)
SustAt .         Harm     .     (no boots)
MR     ++...                    (no amulet)
Stlth  ..........               (no ring)
                                (no ring)

@: exhausted, regenerating, slowed, very slow, very resistant to hostile
enchantments, extremely unstealthy
A: negative energy resistance 1, electricity resistance, unbreathing,
petrification resistance, rot immunity, AC +4
a: Berserk, Trog's Hand, Burn Spellbooks, Renounce Religion


You were on level 3 of the Dungeon.
You worshipped Trog.
Trog was most pleased with you.
You were very hungry.

You visited 1 branch of the dungeon, and saw 6 of its levels.

You collected 232 gold pieces.

Inventory:

Hand Weapons
 a - a cursed +0 mace (weapon)
 y - a +0 flail
Armour
 s - a +1 cloak (worn)
 u - a +0 helmet (worn)
 C - a +0 chain mail (worn)
 G - a +0 shield
Jewellery
 g - an uncursed ring of resist corrosion {unknown}
 t - a cursed -4 ring of evasion {unknown}
 x - a cursed ring of teleportation {unknown}
 F - an uncursed ring of stealth {unknown}
Scrolls
 b - a scroll of remove curse {unknown}
 e - 4 scrolls of identify {unknown}
 h - a scroll of enchant armour {unknown}
 j - a scroll of teleportation {unknown}
 k - a scroll of immolation {unknown}
 m - a scroll of amnesia {unknown}
 o - a scroll of magic mapping {unknown}
 p - a scroll of recharging {unknown}
 r - a scroll of blinking {unknown}
 E - a scroll of enchant weapon {unknown}
Potions
 f - 2 potions of curing
 i - 2 potions of mutation {unknown}
 l - a potion of magic {unknown}
 n - a potion of flight {unknown}
 v - a potion of invisibility {unknown}
 w - a potion of lignification {unknown}
 z - 2 potions of degeneration {unknown}
 B - a potion of heal wounds {unknown}
 D - a potion of berserk rage {unknown}
Comestibles
 c - 4 bread rations
 d - a slice of pizza
 q - 3 chunks of flesh
 A - 3 meat rations


   Skills:
 - Level 5.8 Fighting
 + Level 6.0 Maces & Flails
 + Level 4.3 Armour
 - Level 1.5 Dodging


You had 6 spell levels left.
You didn't know any spells.

Dungeon Overview and Level Annotations

Branches:
Dungeon (6/15)
 Temple: D:4-7

Altars:
Sif Muna


Innate Abilities, Weirdness & Mutations

You are resistant to torment.
Your stone body is resilient (AC +4).
You are immune to poison.
You resist negative energy.
You are resistant to electric shocks.
You can survive without breathing.
You are immune to petrification.
You are immune to rotting.


Message History

It was a potion of curing.
You feel better. The orc closely misses you.
You barely miss the orc.
The orc is severely wounded.
The orc closely misses you. The orc hits you but does no damage.
You hit the orc.
The orc is almost dead.
The orc barely misses you.
You sock the orc!
You kill the orc!
Trog accepts your kill.
The orc priest invokes the aid of Beogh against you.
Pain shoots through your body!
* * * LOW HITPOINT WARNING * * *
Your skin crawls.
You feel resistant to hostile enchantments.
You feel slightly more hungry.
The orc priest looks braver for a moment.
The orc priest mumbles some strange prayers to Beogh against you.
Beogh smites you!
You die...

.........# #.#
########.#
########## #.# #.#
#........######.#
#.#
##.#####.......#.#
#.# (#.#
#.......#.# #.#
.#.#####.......#.#
#.#
.#.#...........#o#
#.#
.#.#.###.......#@#
#.#
.#.#.#.........#)#
#.#
.#.#.#.........#.#
#.#
.#.#.#.........#.#
#.#
.#.#.#(...######.#
##########.##
..........######.#
#...........#
........>...)..#.#
#.###########
.#.#.#....####.#.#
#.# .#.#.#...[#
#.#.# #.#


You could see an orc priest.

Vanquished Creatures
  A giant frog (D:6)
  A howler monkey (D:4)
  A crimson imp (D:3)
  3 hounds
  4 orc wizards
  An orc priest (D:4)
  An iguana (D:6)
  A howler monkey skeleton (D:4)
  9 adders
  An ooze (D:2)
  9 worms
  4 dart slugs
  A giant gecko (D:6)
  7 orcs
  2 ball pythons
  2 giant cockroaches
  7 goblins
  6 hobgoblins
  15 jackals
  2 quokkas
  3 bats
  4 giant newts
  2 kobolds
  3 rats
90 creatures vanquished.

Vanquished Creatures (others)
  2 orc wizards (D:3)
2 creatures vanquished.

Grand Total: 92 creatures vanquished

Notes
Turn   | Place    | Note
--------------------------------------------------------------
     0 | D:1      | Kloppie the Gargoyle Berserker began the quest for the Orb.
     0 | D:1      | Reached XP level 1. HP: 14/14 MP: 1/1
   373 | D:1      | Reached XP level 2. HP: 19/19 MP: 2/2
   888 | D:2      | Reached XP level 3. HP: 22/24 MP: 3/3
   896 | D:2      | Reached ** piety under Trog
  1134 | D:2      | Reached XP level 4. HP: 19/29 MP: 4/4
  1644 | D:3      | Reached skill level 4 in Maces & Flails
  1868 | D:3      | You fall through a shaft for 3 floors!
  1868 | D:6      | Noticed a giant frog
  1879 | D:6      | Killed a giant frog
  1879 | D:6      | Reached XP level 5. HP: 29/34 MP: 5/5
  1923 | D:6      | Reached skill level 5 in Fighting
  2022 | D:6      | Reached XP level 6. HP: 31/40 MP: 6/6
  2026 | D:5      | Entered Level 5 of the Dungeon
  2100 | D:4      | Reached skill level 5 in Maces & Flails
  2239 | D:4      | Reached *** piety under Trog
  2444 | D:4      | Reached XP level 7. HP: 31/45 MP: 7/7
  2518 | D:3      | Found a deep blue altar of Sif Muna.
  3097 | D:3      | Reached skill level 6 in Maces & Flails
  3107 | D:3      | Killed from afar by an orc priest

Skill      XL: |  1  2  3  4  5  6  7 |
---------------+----------------------+-----
Armour         | 3 4 |  4.3
Fighting       | 4 5 |  5.8
Maces & Flails | 4 5 6 |  6.0
Dodging        | |  1.5

Action                   |  1- 3 |  4- 6 |  7- 9 || total
-------------------------+-------+-------+-------++-------
Melee: Mace              |   125 |   185 |    97 ||   407
Invok: Berserk           |     2 |     2 |     1 ||     5
       Trog's Hand       |       |     1 |     2 ||     3
  Use: Potion            |       |       |     1 ||     1
  Eat: Chunk             |     2 |     7 |     3 ||    12
Armor: Scale mail        |    79 |   122 |       ||   201
       Chain mail        |       |    28 |    90 ||   118
Dodge: Dodged            |    78 |   113 |    59 ||   250
